 Dungeon Sprint DCSS version 0.30-a0-760-g5a9884bb7c (webtiles) character file.

Game seed: 3321178939681283697

6 sircluck the Ruffian (level 1, 0/18 HPs)
             Began as a Ghoul Gladiator on Feb 10, 2023.
             Slain by an ogre
             ... wielding a +0 giant club
              (18 damage)
             ... in the Dungeon (Sprint IX: "|||||||||||||||||||||||||||||").
             The game lasted 00:00:01 (23 turns).

sircluck the Ruffian (Ghoul Gladiator)                Turns: 23, Time: 00:00:02

Health: 0/18       AC:  4    Str: 17    XL:     1   Next: 90%
Magic:  0/0        EV: 12    Int:  3    God:
Gold:   0          SH:  0    Dex: 10    Spells: 0/0 levels left

rFire   . . .      SeeInvis .      - Unarmed
rCold   + . .      Faith    .    (no shield)
rNeg    + + +      Spirit   .    a - +0 leather armour
rPois   ∞          Reflect  .    b - +0 helmet
rElec   .          Harm     .    (no cloak)
rCorr   .          Rampage  .    (no gloves)
Will    .....      NoTele   +    (no boots)
Stlth   +                        (no amulet)
HPRegen 0.00/turn                (no ring)
MPRegen 0.07/turn                (no ring)

@: inhibited regen
A: claws 1, cold resistance 1, negative energy resistance 3, inhibited
regeneration, torment resistance 2, devour on kill
a: no special abilities


You were in the Dungeon.
You visited 1 branch

Inventory:

Missiles
 c - 3 throwing nets (quivered)
 d - a javelin
Armour
 a - a +0 leather armour (worn)
 b - a +0 helmet (worn)
Scrolls
 j - a scroll of blinking
Potions
 e - a potion of curing
 f - a potion of heal wounds
 g - a potion of haste
 h - 2 potions of magic
 i - a potion of berserk rage


   Skills:
 + Level 2.4 Fighting
 + Level 2.0 Throwing
 + Level 3.3 Dodging
 + Level 4.2 Unarmed Combat


You couldn't memorise any spells.
You didn't know any spells.
Your spell library was empty.

Dungeon Overview and Level Annotations

Branches:
Dungeon (1/1)

Altars:


Innate Abilities, Weirdness & Mutations

You are immune to poison.
You have sharp fingernails.
Your flesh is cold resistant. (rC+)
You are immune to negative energy. (rN+++)
You do not regenerate when monsters are visible.
You are immune to unholy pain and torment.
You thrive by killing the living.


Message History

You scratch the goblin.
You kill the goblin!
You feel better.
Your Dodging skill increases to level 3!
You scratch the endoplasm.
You kill the endoplasm!
You feel better.
You closely miss the quokka. The quokka closely misses you.
You closely miss the quokka.
The quokka bites you but does no damage.
You scratch the quokka.
You kill the quokka!
You feel better.
Your Throwing skill increases to level 2!
Your Unarmed Combat skill increases to level 4!
You scratch the kobold.
You kill the kobold!
The bat hits you but does no damage.
You scratch the bat.
You kill the bat!
There is an open door to the Dungeon here.
Things that are here:
a +0 short sword; a +0 club; a bat corpse You open the door.
An iguana, 2 adders, a gnoll bouda and an ogre come into view.
The iguana hisses angrily.
The adder hisses angrily. x2
The gnoll bouda shouts!
The ogre shouts!
You scratch the ogre. Your claw misses the ogre.
The ogre is lightly wounded.
The ogre closely misses you.
You scratch the ogre.
The ogre is moderately wounded.
You scratch the ogre.
The ogre is moderately wounded.
The ogre misses you.
You scratch the ogre.
The ogre is moderately wounded.
The ogre hits you with a +0 giant club!!
Ouch! That really hurt!
You die... ▓▓▓▓▓▓▓▓▓▓▓▓▓▓▓▓▓▓ +.lSSgO@....)...<▓ ▓▓▓▓▓▓▓▓▓▓▓▓▓▓▓▓▓▓

You could see an ogre, a gnoll bouda, an iguana and 2 adders.

Vanquished Creatures
  A bat (D)
  An endoplasm (D)
  A goblin (D)
  A quokka (D)
  A kobold (D)
5 creatures vanquished.

Notes
Turn   | Place    | Note
-------+----------+-------------------------------------------
     0 | D        | sircluck the Ghoul Gladiator began the quest for the Orb.
     0 | D        | Reached XP level 1. HP: 17/17 MP: 0/0
    11 | D        | Reached skill level 4 in Unarmed Combat
    19 | D        | Noticed an iguana
    19 | D        | Noticed a gnoll bouda
    19 | D        | Noticed an ogre
    23 | D        | Slain by an ogre

Illustrated notes

Levels and vault maps discovered:
D:        linesprint [early_d, line_temple, items_1, d_10, items_2, lair_1,
          lair_end, items_3, orc_1, orc_end, items_4, d_15, swamp_1, shoals_1,
          snake_1, spider_1, d_20, vaults_1, items_5, swamp_end, shoals_end,
          snake_end, spider_end, vaults_end, d_27, items_6, zot_1, zot_end,
          crypt_end, forest_end, elf_end, slime_end, tomb_end, abyss_end,
          pan_hell_end]

Skill      XL: |  1 |
---------------+----+-----
Dodging        | 3 |  3.3
Throwing       | 2 |  2.0
Unarmed Combat | 4 |  4.2
Fighting       | |  2.4

Action                     || total
---------------------------++-------
  Melee: Unarmed           ||    13
 Armour: Leather armour    ||     2
  Dodge: Dodged            ||     3

Table legend: (Time is in decaauts)
 A = Elapsed time spent in this place.
 B = Non-inter-level travel time spent in this place.
 C = Inter-level travel time spent in this place.
 D = Time resting spent in this place.
 E = Time spent auto-exploring this place.
 F = Levels seen in this place.
 G = Mean time per level.
                   A        B        C        D        E       F      G
               +--------+--------+--------+--------+--------+-----+--------+
         Total |     22 |     22 |      0 |      0 |      0 |   1 |   22.0 |
       Dungeon |     22 |     22 |      0 |      0 |      0 |   1 |   22.0 |
               +--------+--------+--------+--------+--------+-----+--------+

Top non-repeatable levels by time:
       D: 22 daAuts
